Map: Catalyst LE

Players

Bunny - Winner!

  • Race: Terran Terran
  • League: Diamond
  • Spawn Location: 11:00

YoGo

  • Race: Zerg Zerg
  • League: Grandmaster
  • Spawn Location: 5:00

Event: HomeStory Cup XVII

VOD

Have the link to the VOD?

Description

Time

  • Played on: June 28, 2018, 4:59 p.m.
  • Length: 4:51

All games in this series

Show
View Real Time Build Order
Export as new Build Order

Bunny Terran - Winner!

Build Orders:  

Get SALT Encoding   

  12  0:00  SCV  
  13  0:12  SCV  
  14  0:18  Supply Depot  
  14  0:25  SCV  
  15  0:40  Barracks  
  15  0:50  SCV  
  15  0:55  Barracks  
  16  1:02  SCV  
  17  1:15  SCV  
  18  1:27  Marine  
  18  1:29  Orbital Command  
  19  1:35  Supply Depot  
  19  1:42  Marine  
  19  1:45  Marine  
  21  1:59  Marine  
  21  2:00  SCV  
  23  2:03  Marine  
  23  2:05  Bunker  
  24  2:12  Refinery  
  24  2:13  SCV  
  24  2:16  Bunker  
  24  2:17  Supply Depot, Marine  
  24  2:19  Bunker  
  24  2:20  Marine  
  26  2:29  SCV  
  27  2:35  Marine  
  26  2:38  Marine  
  26  2:41  SCV  
  27  2:53  Marine  
  27  2:55  SCV  
  27  2:56  Marine  
  27  3:07  SCV  
  27  3:08  Command Center  
  27  3:11  Marine  
  29  3:14  Marine  
  29  3:15  Refinery  
  31  3:20  SCV  
  31  3:22  Factory  
  31  3:31  Marine  
  31  3:32  Supply Depot, SCV  
  33  3:35  Marine  
  34  3:44  SCV  
  35  3:49  Marine  
  35  3:53  Marine  
  37  3:56  SCV  
  38  4:06  Factory Reactor  
  38  4:07  Starport  
  38  4:08  Marine, SCV  
  40  4:11  Marine  
  41  4:20  Orbital Command, SCV  
  42  4:32  SCV  
Show
View Real Time Build Order
Export as new Build Order

YoGo Zerg 

Build Orders: Pool First 

Get SALT Encoding   

  12  0:00  Drone  
  13  0:15  Overlord  
  13  0:17  Drone  
  14  0:34  Drone x2  
  16  0:38  Drone  
  17  0:45  Spawning Pool  
  17  0:49  Drone  
  17  1:10  Hatchery  
  16  1:13  Drone  
  17  1:31  Queen  
  17  1:32  Zergling x4, Extractor  
  20  1:34  Zergling x2  
  21  1:44  Overlord  
  21  1:55  Zergling x2  
  21  2:10  Zergling x2  
  21  2:13  Queen  
  23  2:19  Zergling x2  
  24  2:22  Spine Crawler  
  24  2:24  Spine Crawler  
  24  2:29  Zergling x4  
  24  2:36  Zergling x2  
  21  2:57  Zergling x2  
  19  3:06  Drone  
  19  3:10  Drone  
  21  3:16  Drone  
  22  3:26  Spine Crawler  
  21  3:29  Zergling x2  
  21  3:31  Zergling x2  
  23  3:36  Drone  
  23  3:40  Drone  
  25  3:46  Drone  
  25  3:50  Drone  
  25  3:53  Drone  
  28  3:57  Evolution Chamber  
  28  3:58  Drone  
  28  4:00  Drone  
  29  4:03  Drone  
  29  4:06  Drone  
  29  4:09  Drone  
  32  4:18  Drone  
  32  4:23  Drone  
  34  4:24  Drone  
  34  4:29  Zergling x4  
  35  4:32  Zergling x2  
Tags
 
Add a new tag
Caveats
  • Supply blocks, unpowered buildings, or Contaminate may cause inaccurate times.
  • Supply counts are checked every 10 seconds.